Unix NetHack Version 5.0.0-0 post-release - last build May 10 2026 23:12:36 (d1fa5d53e341ca933230fdaa984d921c805b60aa,branch:main).

Game began 2026-05-13 17:53:00, ended 2026-05-13 20:04:42.

Eymerich, chaotic male elven Priest

                          ------
 ------------            #.....|              #                     --------
 |..........|            #|.....#         ----.-                    |.....(|
 |..........|            #|..<.|#         |..{.|                 ###+.[..?!|
 ----.-|-----            #|....|#         |....|                ##  |....[)|
     # #                 #------#         |.G..|       -----  ###   |......|
     # #                 ###    ###       |....@#######-...|###     |..(..)|
     ####                  #      #       --.---s #####|....#       --------
      # ######             #   ##################     #....|
      #      0############ #      #        #           |...|
      #             -----|-#      #        #           |...|
      ###           |...""|#      #     ####           -----
       -.------    #.......#      #-----|------
       |...>..-#####|.....|       #|..........|
       |......|     |.....|       #|.....^...>|
       |......-#####-.....|       #...........|
       |......|     -------        ------------
       --------

Eymerich the Acolyte         St:13 Dx:14 Co:11 In:8 Wi:20 Ch:14  Chaotic
Dlvl:3  $:200 HP:0(31) Pw:51(51) AC:5  Xp:4 T:2907  Burdened Deaf

Latest messages:
 You miss the gecko.
 The gecko bites!
 You miss the gecko.
 You miss the gecko.
 The gecko just misses!
 You hit the gecko.
 The gecko misses!
 You miss the gecko.
 You kill the gecko!
 The gnome hits!
 The gnome hits!
 You hit the gnome.
 The gnome misses!
 You miss the gnome.
 The gnome hits!
 You miss the gnome.
 The gnome misses!
 The gnome hits!
 You hit the gnome.
 The gnome hits!
 You miss the gnome.
 The gnome hits!
 You miss the gnome.
 The gnome hits!
 What do you want to use or apply? [ijrvyHKLPX or ?*]
 You start playing your leather drum.
 You beat a deafening row!
 The gnome turns to flee.
 What do you want to throw? [$acklrtMOW or ?*]
 In what direction?
 The thonged club hits the gnome.
 The thonged club returns to your hand!
 You miss the cave spider.
 The cave spider just misses!
 You miss the cave spider.
 The cave spider misses!
 The cave spider just misses!
 You hit the cave spider.
 The cave spider bites!
 You miss the cave spider.
 The cave spider bites!
 You miss the cave spider.
 The cave spider misses!
 The cave spider bites!
 You miss the cave spider.
 The cave spider bites!
 You miss the cave spider.
 The cave spider bites!
 You die...
 Do you want your possessions identified? [ynq] (y)

Inventory:
 Coins    ('$')
  $ - 200 gold pieces
 Weapons  (')')
  k - a greased +0 arrow
  l - 24 +0 arrows (in quiver)
  M - a +0 bow
  c - a +0 sling
  O - a +0 dart
  W - a fireproof +0 elven dagger
  t - a +0 aklys (tethered to right hand)
  r - a +0 dwarvish mattock
  a - a blessed +1 mace (alternate weapon; not wielded)
 Armor    ('[')
  D - a +1 orcish helm (being worn)
  q - a blessed +0 pair of iron shoes (being worn)
  A - a blessed +1 orcish cloak (being worn)
  b - a +0 robe
 Comestibles  ('%')
  e - a clove of garlic
  h - a cram ration
  n - 3 food rations
  V - 2 food rations
  B - a fortune cookie
  f - a sprig of wolfsbane
  G - a lichen corpse
 Scrolls  ('?')
  z - a scroll of amnesia
  S - a scroll of confuse monster
  I - a blessed scroll of light
 Spellbooks  ('+')
  H - a spellbook of chain lightning
 Potions  ('!')
  m - a blessed potion of fruit juice
  E - 2 potions of healing
  o - a potion of sickness
  d - 4 potions of holy water
  J - a potion of water
 Rings    ('=')
  F - a ring of slow digestion (on right hand)
 Wands    ('/')
  X - a wand of enlightenment (0:11)
  L - a wand of stasis (0:4)
  v - a wand of teleportation (0:7)
  K - a wand of teleportation (0:7)
 Tools    ('(')
  j - a leather drum
  P - a blindfold
  i - an oil lamp
 Gems/Stones  ('*')
  x - an obsidian stone named soft
  p - a worthless piece of orange glass named soft
  C - 2 worthless pieces of yellow glass named soft
  Q - a worthless piece of yellowish brown glass named soft
  y - 7 flint stones

Eymerich the Priest's attributes:

Background:
 You were an Acolyte, a level 4 elven Priest.
 You were chaotic, on a mission for Huan Ti
 who was opposed by Shan Lai Ching (lawful) and Chih Sung-tzu (neutral).
 You were right-handed.
 You were in the Dungeons of Doom, on level 3.
 You entered the dungeon 2907 turns ago.
 You had 145 experience points, 15 more were needed to attain level 5.

Basics:
 You had 0 out of 31 hit points.
 You had all 51 energy points (spell power).
 Your armor class was 5.
 Your wallet contained 200 zorkmids.
 Autopickup was off.

Final Characteristics:
 Your strength was 13 (limit:18).
 Your dexterity was 14 (limit:18).
 Your constitution was 11 (limit:16).
 Your intelligence was 8 (limit:20).
 Your wisdom was 20 (limit:20).
 Your charisma was 14 (limit:18).

Final Status:
 You were deaf.
 You weren't hungry.
 You were burdened; movement was slightly slowed.
 You were wielding a club.
 You were unskilled in club.

Final Attributes:
 You were piously aligned.
 You were sleep resistant.
 You had infravision.
 You had slower digestion.
 You were warded.
 You are dead.

Miscellaneous:
 You didn't encounter any bones levels.
 Total elapsed playing time was 41 minutes and 15 seconds.

Major events:
 Turn
    1: Eymerich the chaotic elven Priest entered the dungeon
 1563: attained the rank of Acolyte (level 3)
 2145: entered the Gnomish Mines
 2907: killed by a cave spider

Spells:
 Name                 Level Category     Fail Retention
 detect monsters        1   divination    21%  76%-100%
 detect food            2   divination    74%  76%-100%

Skills:
 Fighting Skills
   bare handed combat [Unskilled]
 Weapon Skills
   club               [Unskilled]
   mace               [Basic]
   morning star       [Unskilled]
   flail              [Unskilled]
   hammer             [Unskilled]
   quarterstaff       [Unskilled]
   polearms           [Unskilled]
   spear              [Unskilled]
   trident            [Unskilled]
   lance              [Unskilled]
   bow                [Unskilled]
   sling              [Unskilled]
   crossbow           [Unskilled]
   dart               [Unskilled]
   shuriken           [Unskilled]
   boomerang          [Unskilled]
   unicorn horn       [Unskilled]
 Spellcasting Skills
   healing spells     [Unskilled]
   divination spells  [Unskilled]
   clerical spells    [Basic]

Voluntary challenges:
 Character rerolling was not enabled.
 You never genocided any monsters.
 You never polymorphed an object.
 You never changed form.
 You used no wishes.
Achievements:
 You entered a shop.
 You attained the rank of Acolyte.
 You entered the Gnomish Mines.

 The Dungeons of Doom: levels 1 to 4
    Level 1: "vault"
    Level 2: "vault"
       An armor shop, some fountains.
    Level 3: <- You were here.
       A general store, a fountain.
       Stairs down to The Gnomish Mines.
       Final resting place for
          you, killed by a cave spider.
    Level 4:
 The Gnomish Mines:
    Level 4:


Vanquished creatures:
  a gnome leader
  a gnomish wizard
  2 dwarves
  2 orc zombies
 an iguana
 an acid blob
  4 hobbits
  a hobgoblin
  2 giant rats
  2 cave spiders
  9 gnomes
  4 geckos
  3 jackals
  3 goblins
  a sewer rat
  5 grid bugs
  3 bats
  5 lichens
  3 kobold zombies
  6 newts
59 creatures vanquished.

No species were genocided or became extinct.

Game over:
                       ----------
                      /          \
                     /    REST    \
                    /      IN      \
                   /     PEACE      \
                  /                  \
                  |     Eymerich     |
                  |      200 Au      |
                  | killed by a cave |
                  |      spider      |
                  |                  |
                  |                  |
                  |       2026       |
                 *|     *  *  *      | *
        _________)/\\_//(\/(/\)/\//\/|_)_______

Goodbye Eymerich the Priest...

You died in The Dungeons of Doom on dungeon level 3 with 930 points,
and 200 pieces of gold, after 2907 moves.
You were level 4 with a maximum of 31 hit points when you died.

